 Dungeon Sprint DCSS version 0.27-a0-1565-gad902ab807 (webtiles) character file.

Game seed: 821703757148863799

57841 mhtbhm the Hoplite (level 14, -15/216 HPs)
             Began as a Minotaur Fighter on July 16, 2021.
             Was the Champion of Qazlal.
             Demolished by a Hell Sentinel (25 damage)
             ... summoned by Dispater
             ... in the Dungeon (Sprint VII: "The Pits").
             The game lasted 00:10:42 (4379 turns).

mhtbhm the Hoplite (Minotaur Fighter)               Turns: 4379, Time: 00:10:42

Health: -15/216    AC: 38    Str: 26    XL:     14   Next: 47%
Magic:  8/26       EV:  7    Int:  5    God:    Qazlal [******]
Gold:   44         SH: 33    Dex:  8    Spells: 13/13 levels left

rFire    + . .     SeeInvis .   a - +3 war axe (vamp)
rCold    + . .     Faith    .   c - +1 tower shield
rNeg     + . .     Spirit   .   b - +2 gold dragon scales
rPois    +         Reflect  .   (helmet restricted)
rElec    +         Harm     .   H - +1 cloak
rCorr    .         Rampage  .   r - +2 pair of gloves {archery}
Will     +....     NoTele   +   A - +1 pair of boots
Stlth    ..........             E - amulet of the acrobat
HPRegen  0.46/turn              n - +3 ring of protection
MPRegen  0.20/turn              C - ring "Ameaph" {rElec rPois rN+ Dex-2}

@: mighty, berserking (expiring), protected from physical damage, hasted and
slowed, repel missiles
A: horns 2, retaliatory headbutt
a: Renounce Religion, Upheaval, Elemental Force, Disaster Area


You were in the Dungeon.
You worshipped Qazlal.
Qazlal was exalted by your worship.
You visited 1 branch You collected 44 gold pieces.

Inventory:

Hand Weapons
 a - a +3 vampiric war axe (weapon)
 t - a +1 broad axe of freezing
Missiles
 F - 9 silver javelins (quivered)
Armour
 b - +2 gold dragon scales (worn)
 c - a +1 tower shield (worn)
 r - a +2 pair of gloves of archery (worn)
 A - a +1 pair of boots (worn)
 H - a +1 cloak (worn)
Jewellery
 n - a +3 ring of protection (left hand)
 z - a ring of fire
 C - the ring "Ameaph" (right hand) {rElec rPois rN+ Dex-2}
   (You took it off a yellow draconian in the Dungeon)

   [ring of poison resistance]

   Dex:       It affects your dexterity (-2).
   rElec:     It insulates you from electricity.
   rPois:     It protects you from poison.
   rN:        It protects you from negative energy.
 D - the ring "Lisharuw" {rElec rPois Str+4}
   (You found it in the Dungeon)

   [ring of poison resistance]

   Str:       It affects your strength (+4).
   rElec:     It insulates you from electricity.
   rPois:     It protects you from poison.
 E - an amulet of the acrobat (around neck)
Scrolls
 j - a scroll of blinking
 l - 5 scrolls of amnesia
 m - a scroll of summoning
 u - a scroll of silence
 v - 3 scrolls of identify
 w - 2 scrolls of fog
 x - 2 scrolls of enchant weapon
 y - 2 scrolls of fear
Potions
 e - 9 potions of curing
 f - 9 potions of heal wounds
 g - 4 potions of haste
 h - 4 potions of magic
 i - a potion of berserk rage
 k - a potion of invisibility
 p - a potion of brilliance
 q - a potion of mutation
Miscellaneous
 o - a condenser vane
 B - a phantom mirror


   Skills:
 + Level 18.3 Fighting
 + Level 21.9 Axes
 + Level 16.5 Armour
 + Level 5.8 Dodging
 + Level 6.6 Stealth
 + Level 22.4 Shields
 * Level 19.0 Invocations
 + Level 1.1 Evocations


You had 13 spell levels left.
You didn't know any spells.
Your spell library contained the following spells:

 Spells                   Type           Power      Damage    Failure   Level
 Dazzling Flash           Conj/Hex       0%         N/A       100%        3
 Iskenderun's Mystic Bla  Conj/Tloc      0%         2d3       100%        4
 Starburst                Conj/Fire      0%         8x6d3     100%        6


Dungeon Overview and Level Annotations

Branches:
Dungeon (1/1)

Altars:
Ashenzari
Cheibriados
Dithmenos
Elyvilon
Fedhas
Gozag
Hepliaklqana
Kikubaaqudgha
Makhleb
Nemelex Xobeh
Okawaru
Qazlal
Ru
Sif Muna
Trog
Uskayaw
Vehumet
Wu Jian
Xom
Yredelemnul
Zin
The Shining One
Beogh
Jiyva
Lugonu

Annotations:
D Dispater


Innate Abilities, Weirdness & Mutations

You have a pair of horns on your head.
You reflexively headbutt those who attack you in melee.


Message History

The Hell Sentinel hits you!
* * * LOW HITPOINT WARNING * * *
You feel protected from physical attacks.
Dispater gestures at you.
The sphere of damnation explodes!
The damnation engulfs the Hell Sentinel.
The Hell Sentinel completely resists.
The damnation engulfs Dispater.
Dispater completely resists.
The damnation engulfs you!!
* * * LOW HITPOINT WARNING * * *
You slash the Hell Sentinel!
The Hell Sentinel is moderately wounded.
You hit the Hell Sentinel. You block the Hell Sentinel's attack.
The Hell Sentinel hits you!
* * * LOW HITPOINT WARNING * * *
You block the Hell Sentinel's attack. x2
You hit the Hell Sentinel.
You headbutt the Hell Sentinel, but do no damage.
The Hell Sentinel is moderately wounded.
You slash the Hell Sentinel!
You block the Hell Sentinel's attack. x2
The Hell Sentinel hits you!
* * * LOW HITPOINT WARNING * * *
The Hell Sentinel hits you but does no damage.
You completely miss the Hell Sentinel. You headbutt the Hell Sentinel!
The Hell Sentinel is moderately wounded.
You hit the Hell Sentinel.
The Hell Sentinel hits you but does no damage.
You block the Hell Sentinel's attack.
You hit the Hell Sentinel but do no damage.
The Hell Sentinel is moderately wounded.
You hit the Hell Sentinel.
The Hell Sentinel hits you but does no damage.
The Hell Sentinel hits you!
* * * LOW HITPOINT WARNING * * *
Unknown command.
Unknown command.
You slice the Hell Sentinel!! You headbutt the Hell Sentinel.
The Hell Sentinel is heavily wounded.
You slash the Hell Sentinel!
You block the Hell Sentinel's attack. x2
The Hell Sentinel hits you!!
You die...

#+#
##.##
)..
[..
#&#
#1#
#@#
#1#
#.#
#.#
#.#
#.#
#.#
#.#
#.#


You could see Dispater and 2 Hell Sentinels.

Vanquished Creatures
  A Brimstone Fiend (D)
  A pandemonium lord (D)
  2 storm dragons (D)
  A fire giant (D)
  3 orc warlords (D)
  A cacodemon (D)
  A war gargoyle (D)
  An ophan (D)
  A minotaur (D)
  A yellow draconian (D)
  A fire dragon (D)
  A green death (D)
  3 naga warriors (D)
  A boulder beetle (D)
  3 vault guards (D)
  A spriggan air mage (D)
  2 centaur warriors (D)
  An anaconda (D)
  2 deep troll shamans (D)
  2 two-headed ogres (D)
  5 death yaks (D)
  An orc high priest (D)
  A sun demon (D)
  2 deep elf knights (D)
  An iron troll (D)
  A sixfirhy (D)
  A sea snake (D)
  6 skeletal warriors (D)
  A salamander mystic (D)
  2 spriggan druids (D)
  2 deep trolls (D)
  A lindwurm (D)
  A deep elf pyromancer (D)
  A phantasmal warrior (D)
  11 orc knights (D)
  A deep elf zephyrmancer (D)
  A wolf spider (D)
  A manticore (D)
  A naga mage (D)
  A moth of wrath (D)
  A molten gargoyle (D)
  A gargoyle (D)
  A cane toad (D)
  A hellion (D)
  A kobold demonologist (D)
  A yaktaur (D)
  A freezing wraith (D)
  2 ice devils (D)
  A red devil (D)
  A demonic crawler (D)
  3 hellwings (D)
  A polar bear (D)
  A wind drake (D)
  3 hornets (D)
  5 blink frogs (D)
  7 dream sheep (D)
  A vampire (D)
  7 redbacks (D)
  2 spriggans (D)
  Sigmund (D)
  A wyvern (D)
  A water elemental (D)
  A tarantella (D)
  A ynoxinul (D)
  A wraith (D)
  3 small abominations (D)
  A fire bat (D)
  A steam dragon (D)
  A warg (D)
  Menkaure (D)
  A naga (D)
  A floating eye (D)
  A sky beast (D)
  2 orc warriors (D)
  A wolf (D)
  A centaur (D)
  A phantom (D)
  A gnoll sergeant (D)
  4 killer bees (D)
  A quasit (D)
  An orc priest (D)
  An iguana (D)
  4 orc wizards (D)
  3 gnolls (D)
  3 adders (D)
  2 river rats (D)
  3 ufetubi (D)
  10 orcs (D)
  An endoplasm (D)
  2 giant cockroaches (D)
  2 goblins (D)
  2 hobgoblins (D)
  4 jackals (D)
  A ball python (D)
  A ball python zombie (D)
  A bat (D)
  A frilled lizard (D)
  A jackal skeleton (D)
  A jackal zombie (D)
  A quokka zombie (D)
185 creatures vanquished.

Vanquished Creatures (collateral kills)
  A redback (D)
1 creature vanquished.

Vanquished Creatures (others)
  A deep elf death mage (D)
  A gnoll (D)
2 creatures vanquished.

Grand Total: 188 creatures vanquished

Notes
Turn   | Place    | Note
-------+----------+-------------------------------------------
     0 | D        | mhtbhm the Minotaur Fighter began the quest for the Orb.
     0 | D        | Reached XP level 1. HP: 19/19 MP: 0/0
    23 | D        | Found a bloodstained altar of Trog.
    23 | D        | Found a shimmering blue altar of Sif Muna.
    23 | D        | Found a viscous altar of Jiyva.
    23 | D        | Found a hazy altar of Hepliaklqana.
    23 | D        | Found an opulent altar of Gozag.
    24 | D        | Found a glowing golden altar of the Shining One.
    24 | D        | Found a glowing silver altar of Zin.
    24 | D        | Found a basalt altar of Yredelemnul.
    24 | D        | Found a shimmering altar of Xom.
    24 | D        | Found an ornate altar of the Wu Jian Council.
    24 | D        | Found a sacrificial altar of Ru.
    24 | D        | Found a stormy altar of Qazlal.
    24 | D        | Found an iron altar of Okawaru.
    24 | D        | Found a sparkling altar of Nemelex Xobeh.
    24 | D        | Found a burning altar of Makhleb.
    24 | D        | Found a blossoming altar of Fedhas.
    24 | D        | Found a white marble altar of Elyvilon.
    24 | D        | Found a shadowy altar of Dithmenos.
    24 | D        | Found a snail-covered altar of Cheibriados.
    26 | D        | Found a radiant altar of Vehumet.
    26 | D        | Found a corrupted altar of Lugonu.
    27 | D        | Found a hide-covered altar of Uskayaw.
    27 | D        | Found an ancient bone altar of Kikubaaqudgha.
    27 | D        | Found a broken altar of Ashenzari.
    31 | D        | Became a worshipper of Qazlal Stormbringer
    75 | D        | Reached skill level 4 in Shields
    75 | D        | Reached XP level 2. HP: 28/28 MP: 1/1
   116 | D        | Reached * piety under Qazlal
   123 | D        | Reached skill level 5 in Fighting
   123 | D        | Reached skill level 5 in Shields
   125 | D        | Reached ** piety under Qazlal
   129 | D        | Reached skill level 5 in Armour
   139 | D        | Reached *** piety under Qazlal
   140 | D        | Reached XP level 3. HP: 25/36 MP: 2/2
   303 | D        | Noticed Menkaure
   308 | D        | Killed Menkaure
   308 | D        | Reached **** piety under Qazlal
   309 | D        | Reached skill level 1 in Dodging
   309 | D        | Reached skill level 7 in Shields
   309 | D        | Reached XP level 4. HP: 44/44 MP: 2/5
   309 | D        | Reached XP level 5. HP: 50/50 MP: 2/6
   318 | D        | Reached ***** piety under Qazlal
   707 | D        | Noticed a small abomination
   719 | D        | Killed a small abomination
   720 | D        | Reached skill level 1 in Stealth
   720 | D        | Reached skill level 8 in Shields
   720 | D        | Reached skill level 5 in Invocations
   720 | D        | Reached XP level 6. HP: 49/60 MP: 8/8
   735 | D        | Noticed Sigmund
   743 | D        | Reached skill level 9 in Shields
   754 | D        | Killed Sigmund
   755 | D        | Reached skill level 10 in Axes
   755 | D        | Reached XP level 7. HP: 62/66 MP: 8/10
   766 | D        | Noticed a ynoxinul
   766 | D        | Noticed a gargoyle
   780 | D        | Killed a ynoxinul
   781 | D        | Reached skill level 10 in Shields
   782 | D        | Killed a gargoyle
   783 | D        | Reached XP level 8. HP: 53/74 MP: 10/12
   911 | D        | Noticed a hornet
   911 | D        | Noticed an orc knight
   915 | D        | Reached ****** piety under Qazlal
   916 | D        | Killed a hornet
   917 | D        | Reached skill level 11 in Shields
   929 | D        | Killed an orc knight
   930 | D        | Reached skill level 12 in Shields
  1056 | D        | Noticed a death yak
  1061 | D        | Noticed a death yak
  1062 | D        | Noticed a demonic crawler
  1062 | D        | Noticed a death yak
  1063 | D        | Killed a death yak
  1064 | D        | Reached skill level 13 in Shields
  1064 | D        | Reached XP level 9. HP: 85/85 MP: 14/14
  1074 | D        | Killed a demonic crawler
  1077 | D        | Killed a death yak
  1078 | D        | Reached skill level 10 in Fighting
  1080 | D        | Killed a death yak
  1081 | D        | Reached skill level 15 in Axes
  1081 | D        | Reached skill level 14 in Shields
  1081 | D        | Reached skill level 10 in Invocations
  1081 | D        | Reached XP level 10. HP: 73/94 MP: 14/16
  1082 | D        | Noticed a death yak
  1089 | D        | Killed a death yak
  1090 | D        | Reached skill level 10 in Armour
  1180 | D        | Noticed a manticore
  1181 | D        | Noticed a deep elf pyromancer
  1188 | D        | Killed a deep elf pyromancer
  1191 | D        | Killed a manticore
  1241 | D        | Noticed a sixfirhy
  1251 | D        | Killed a sixfirhy
  1401 | D        | Noticed a fire giant
  1403 | D        | Noticed a molten gargoyle
  1412 | D        | Killed a molten gargoyle
  1413 | D        | Reached skill level 15 in Shields
  1415 | D        | Killed a fire giant
  1416 | D        | Reached XP level 11. HP: 37/104 MP: 18/18
  1749 | D        | Paralysed by a hornet for 3 turns
  1950 | D        | Noticed a phantasmal warrior
  1966 | D        | Killed a phantasmal warrior
  2052 | D        | Noticed a lindwurm
  2052 | D        | Noticed a boulder beetle
  2054 | D        | Noticed an orc high priest
  2060 | D        | Reached skill level 16 in Shields
  2070 | D        | Killed a lindwurm
  2085 | D        | Killed an orc high priest
  2086 | D        | Reached skill level 17 in Shields
  2097 | D        | Killed a boulder beetle
  2450 | D        | Noticed a death yak
  2450 | D        | Noticed a wolf spider
  2453 | D        | Noticed a deep elf zephyrmancer
  2454 | D        | Paralysed by a floating eye for 4 turns
  2459 | D        | Killed a wolf spider
  2460 | D        | Killed a deep elf zephyrmancer
  2461 | D        | Reached XP level 12. HP: 29/117 MP: 12/21
  2467 | D        | Killed a death yak
  2672 | D        | Noticed a centaur warrior
  2672 | D        | Noticed a war gargoyle
  2681 | D        | Killed a centaur warrior
  2681 | D        | Killed a war gargoyle
  2682 | D        | Reached skill level 5 in Dodging
  2682 | D        | Reached skill level 18 in Shields
  3043 | D        | Noticed a centaur warrior
  3043 | D        | Noticed a minotaur
  3043 | D        | Noticed a deep troll shaman
  3043 | D        | Noticed a deep troll shaman
  3046 | D        | Killed a deep troll shaman
  3047 | D        | Killed a deep troll shaman
  3053 | D        | Reached skill level 15 in Invocations
  3054 | D        | Noticed a two-headed ogre
  3056 | D        | Reached skill level 15 in Fighting
  3057 | D        | Reached skill level 19 in Shields
  3058 | D        | Noticed a two-headed ogre
  3060 | D        | Killed a centaur warrior
  3060 | D        | Killed a two-headed ogre
  3067 | D        | Identified the ring "Ameaph" {rElec rPois rN+ Dex-2}
  3067 | D        | Noticed a yellow draconian
  3068 | D        | Reached XP level 13. HP: 127/127 MP: 23/23
  3076 | D        | Killed a yellow draconian
  3089 | D        | Killed a minotaur
  3126 | D        | Got the ring "Lisharuw" {rElec rPois Str+4}
  3255 | D        | Noticed an orc warlord
  3265 | D        | Killed an orc warlord
  3422 | D        | Noticed a deep elf death mage
  3423 | D        | Noticed an orc warlord
  3423 | D        | Noticed an orc warlord
  3427 | D        | Killed a deep elf death mage
  3432 | D        | Reached skill level 20 in Shields
  3435 | D        | Reached skill level 1 in Evocations
  3436 | D        | Killed an orc warlord
  3436 | D        | Killed an orc warlord
  3437 | D        | Reached skill level 15 in Armour
  3437 | D        | Reached skill level 5 in Stealth
  3440 | D        | Noticed a green death
  3440 | D        | Noticed an ophan
  3448 | D        | Reached skill level 21 in Shields
  3449 | D        | Killed an ophan
  3453 | D        | HP: 5/132 [naga warrior (4)]
  3459 | D        | Killed a green death
  3460 | D        | Reached XP level 14. HP: 34/140 MP: 7/25
  4150 | D        | Noticed Ecuh the pandemonium lord
  4162 | D        | Killed Ecuh the pandemonium lord
  4361 | D        | Noticed a storm dragon
  4361 | D        | Found the +4 staff of Dispater
  4361 | D        | Noticed Dispater
  4361 | D        | Noticed a Brimstone Fiend
  4361 | D        | Noticed a storm dragon
  4361 | D        | Noticed a cacodemon
  4362 | D        | Killed a Brimstone Fiend
  4362 | D        | Killed a storm dragon
  4363 | D        | Reached skill level 22 in Shields
  4363 | D        | Killed a cacodemon
  4363 | D        | Killed a storm dragon
  4365 | D        | Noticed a Hell Sentinel
  4369 | D        | Noticed a Hell Sentinel
  4378 | D        | HP: 9/216 [Hell Sentinel[Dispater] (12)]
  4379 | D        | Demolished by a Hell Sentinel

Illustrated notes

Levels and vault maps discovered:
D:        pitsprint [storerooms_1, entrance_room_1, metal_vault_1, armoury_1,
          mini_pit_1, grid_room_1, main_hall_1, silver_pit, the_coven_3,
          the_vestibule_1, steel_vault_4, golden_pit, hallway_of_sentries,
          crystal_vault_2, iron_vault_4, final_vault]

Skill      XL: |  1  2  3  4  5  6  7  8  9 10 11 12 13 14 |
---------------+-------------------------------------------+-----
Fighting       | 4 5 6 7 8 9 10 12 14 15 17 18 | 18.3
Axes           | 3 6 9 10 11 13 15 17 18 20 21 | 21.9
Armour         | 4 5 6 7 8 9 10 12 14 15 16 | 16.5
Shields        | 4 5 7 8 9 10 13 14 15 17 19 21 22 | 22.4
Dodging        | 1 2 3 4 5 |  5.8
Invocations    | 3 5 6 7 9 10 11 13 15 17 19 | 19.0
Stealth        | 1 3 6 |  6.6
Evocations     | 1 |  1.1

Action                   |  1- 3 |  4- 6 |  7- 9 | 10-12 | 13-15 || total
-------------------------+-------+-------+-------+-------+-------++-------
Melee: War axe           |     4 |       |       |       |    58 ||    62
       Hand axe          |    28 |    47 |    14 |       |       ||    89
       Headbutt          |     4 |     8 |    11 |    28 |    27 ||    78
       Broad axe         |       |       |    32 |   147 |    82 ||   261
Invok: Disaster Area     |       |       |       |     4 |     7 ||    11
Evoke: Condenser vane    |       |       |       |     1 |     2 ||     3
  Use: Potion            |     2 |       |     1 |     3 |    11 ||    17
 Stab: Confused          |       |       |       |     3 |     1 ||     4
       Distracted        |       |       |       |     1 |       ||     1
       Invisible         |       |       |       |       |     1 ||     1
Armor: Scale mail        |    23 |       |       |       |       ||    23
       Chain mail        |     2 |     6 |     1 |       |       ||     9
       Plate armour      |       |       |    21 |    77 |    22 ||   120
       Gold dragon scale |       |       |       |       |     6 ||     6
Dodge: Dodged            |    10 |     9 |    19 |    48 |    19 ||   105
       Repelled          |       |       |     1 |     1 |       ||     2
Block: Kite shield       |    30 |    31 |    69 |   198 |    90 ||   418
       Tower shield      |       |       |       |       |    40 ||    40

Table legend: (Time is in decaauts)
 A = Elapsed time spent in this place.
 B = Non-inter-level travel time spent in this place.
 C = Inter-level travel time spent in this place.
 D = Time resting spent in this place.
 E = Time spent auto-exploring this place.
 F = Levels seen in this place.
 G = Mean time per level.
                   A        B        C        D        E       F      G
               +--------+--------+--------+--------+--------+-----+--------+
         Total |   4321 |   4321 |      0 |   2421 |    129 |   1 | 4321.0 |
       Dungeon |   4321 |   4321 |      0 |   2421 |    129 |   1 | 4321.0 |
               +--------+--------+--------+--------+--------+-----+--------+

Top non-repeatable levels by time:
       D: 4321 daAuts
